 Dungeon Crawl Stone Soup version 0.31-a0-963-ga325b2283a (webtiles) character file.

Game seed: 11871142498678499032

151 croobank the Ruffian (level 4, -1/36 HPs)
             Began as a Demigod Shapeshifter on Oct 24, 2023.
             Slain by a gnoll
             ... wielding a +2 flail of protection
              (9 damage)
             ... on level 3 of the Dungeon.
             The game lasted 00:05:05 (2577 turns).

croobank the Ruffian (Demigod Shapeshifter)         Turns: 2577, Time: 00:05:06

Health: -1/36      AC:  3    Str: 14    XL:     4   Next: 86%
Magic:  6/6        EV: 12    Int: 20    God:
Gold:   77         SH:  0    Dex: 12    Spells: 3/3 levels left

rFire   . . .        l - +0 short sword
rCold   . . .        (no shield)
rNeg    . . .        t - +0 leather armour
rPois   +            (helmet currently unavailable)
rElec   .            (cloak currently unavailable)
rCorr   .            (gloves currently unavailable)
SInv    .            (boots currently unavailable)
Will    +....        (no amulet)
Stlth   +            h - ring of poison resistance
HPRegen 1.06/turn    p - ring of wizardry
MPRegen 0.10/turn

%: wizardry (x1)
@: beast-form, enlightened, flying
A: beast (slay +1), high MP 1, forlorn, divine attributes, clever 1,
regeneration 1
a: Begin Untransformation


You were on level 3 of the Dungeon.
You were a hulking beast.
You visited 1 branch of the dungeon, and saw 3 of its levels.

You collected 77 gold pieces.

Inventory:

Hand Weapons
 l - a +0 short sword (weapon)
Missiles
 u - 3 boomerangs
Armour
 n - a +0 pair of gloves
 s - a +0 ring mail
 t - a +0 leather armour (worn)
Jewellery
 h - a ring of poison resistance (left hand)
 p - a ring of wizardry (right hand)
Talismans
 c - a beast talisman
 d - a flux talisman
Scrolls
 b - 3 scrolls of identify {unknown}
 k - a scroll of vulnerability {unknown}
 q - a scroll of amnesia {unknown}
 r - a scroll of fear {unknown}
Potions
 a - a potion of enlightenment
 g - a potion of curing {unknown}
 i - a potion of degeneration {unknown}
 j - a potion of resistance {unknown}
 m - a potion of brilliance {unknown}
 o - a potion of berserk rage {unknown}


   Skills:
 + Level 2.2 Fighting
 + Level 2.8 Dodging
 + Level 3.5 Unarmed Combat
 + Level 3.4 Shapeshifting


You had 3 spell levels left.
You didn't know any spells.
Your spell library was empty.

Dungeon Overview and Level Annotations

Branches:
Dungeon (3/15)


Innate Abilities, Weirdness & Mutations

You are a hulking beast.
Your limbs bulge with bestial killing power. (Slay +1)
You have an increased reservoir of magic. (+10% MP)
You shall have no god before yourself.
Your divine heritage dramatically boosts your attributes as you level up.
Your mind is acute. (Int +4, Str/Dex -1)
Your natural rate of healing is unusually fast.


Message History

It was a potion of heal wounds.
You feel much better.
The kobold hits you with a +0 short sword.
You hit the kobold but do no damage. The kobold closely misses you.
You hit the kobold but do no damage. The kobold hits you but does no damage.
You miss the kobold.
The kobold hits you with a +0 short sword.
You barely miss the kobold. The kobold hits you but does no damage.
You hit the kobold.
You kill the kobold!
You barely miss the gnoll. The gnoll barely misses you.
You hit the gnoll but do no damage. The gnoll closely misses you.
You closely miss the gnoll.
The gnoll hits you with a +2 flail of protection.
You hit the gnoll but do no damage. The gnoll misses you.
You hit the gnoll.
The gnoll is moderately wounded.
The gnoll hits you with a +2 flail of protection!
You barely miss the gnoll.
The gnoll is lightly wounded.
The gnoll hits you with a +2 flail of protection.
You hit the gnoll.
The gnoll is moderately wounded.
The gnoll hits you with a +2 flail of protection.
You hit the gnoll but do no damage. You punch the gnoll.
The gnoll is heavily wounded.
The gnoll barely misses you.
You hit the gnoll but do no damage.
The gnoll is heavily wounded.
The gnoll hits you with a +2 flail of protection!
* * * LOW HITPOINT WARNING * * *
You barely miss the gnoll.
The gnoll is heavily wounded.
The gnoll barely misses you.
You hit the gnoll but do no damage.
The gnoll is heavily wounded.
The gnoll completely misses you.
It was a potion of mutation.
You feel extremely strange.
You begin to heal more quickly.
You feel clever.
The gnoll hits you with a +2 flail of protection!
You die...

#. .... #. .... .. .....
#. ... #.###. ... #...†
##.# #. .#.#..)##### #.
.......ogh.# #.
.#.#...###.# #. # ##.#
##.#####.# #..###. #....
##.................
.#..####..................
............###..<........
.#.........## #.#####.###.
##.###.#.## #.# #.##.. #
#.### #.# #.##..


You could see a gnoll and an orc.

Vanquished Creatures
  5 gnolls
  5 adders
  A worm (D:3)
  4 orcs (D:3)
  3 ball pythons
  3 bats (D:1)
  6 endoplasms
  A giant cockroach (D:1)
  4 goblins
  2 hobgoblins (D:1)
  A quokka (D:1)
  11 frilled lizards
  7 kobolds
  4 rats
57 creatures vanquished.

Notes
Turn   | Place    | Note
-------+----------+-------------------------------------------
     0 | D:1      | croobank the Demigod Shapeshifter began the quest for the
                  | Orb.
     0 | D:1      | Reached XP level 1. HP: 15/15 MP: 3/3
    95 | D:1      | Reached skill level 1 in Fighting
   220 | D:1      | Reached XP level 2. HP: 20/23 MP: 4/4
   958 | D:2      | Reached XP level 3. HP: 28/28 MP: 5/5
  1314 | D:2      | Reached XP level 4. HP: 31/36 MP: 6/6
  2577 | D:3      | Gained mutation: Your natural rate of healing is unusually
                  | fast. [potion of mutation]
  2577 | D:3      | Gained mutation: Your mind is acute. (Int +4, Str/Dex -1)
                  | [potion of mutation]
  2577 | D:3      | Slain by a gnoll

Illustrated notes

Levels and vault maps discovered:
D:1:      beargit_arrival_greenhouse, layout_loops_ring, chequers_garden
D:2:      layout_loops_ring, basic_altar, dreamdust_princess_bridge
D:3:      layout_loops_ring, serial_shops, nicolae_shop_behind_doors,
          minmay_lizard_king

Skill      XL: |  1  2  3  4 |
---------------+-------------+-----
Fighting       | 1 2 |  2.2
Dodging        | 2 |  2.8
Unarmed Combat | 3 |  3.5
Shapeshifting  | 3 |  3.4

Action                     |  1- 3 |  4- 6 || total
---------------------------+-------+-------++-------
  Melee: Unarmed           |   118 |    36 ||   154
         Punch             |     3 |     3 ||     6
         Short sword       |       |    73 ||    73
    Use: Potion            |     1 |     3 ||     4
   Stab: Sleeping          |     1 |       ||     1
 Armour: Animal skin       |    55 |    10 ||    65
         Skin              |     4 |       ||     4
         Leather armour    |       |    47 ||    47
  Dodge: Dodged            |    53 |    44 ||    97

Table legend: (Time is in decaauts)
 A = Elapsed time spent in this place.
 B = Non-inter-level travel time spent in this place.
 C = Inter-level travel time spent in this place.
 D = Time resting spent in this place.
 E = Time spent auto-exploring this place.
 F = Levels seen in this place.
 G = Mean time per level.
                   A        B        C        D        E       F      G
               +--------+--------+--------+--------+--------+-----+--------+
         Total |   2565 |   2440 |    125 |    449 |   1542 |   3 |  855.0 |
       Dungeon |   2565 |   2440 |    125 |    449 |   1542 |   3 |  855.0 |
               +--------+--------+--------+--------+--------+-----+--------+

Top non-repeatable levels by time:
     D:2: 1279 daAuts
     D:1: 828 daAuts
     D:3: 457 daAuts
